 Dungeon Crawl Stone Soup version 0.31.0 (webtiles) character file.

Game seed: 18090019865310971689

49 qw the Shooter (level 3, -1/23 HPs)
             Began as a Gargoyle Hunter on Jan 19, 2024.
             Slain by a gnoll bouda
             ... wielding a +2 whip of venom
              (4 damage)
             ... on level 2 of the Dungeon.
             The game lasted 00:00:04 (901 turns).

qw the Shooter (Gargoyle Hunter)                     Turns: 901, Time: 00:00:05

Health: -1/23      AC:  8    Str: 14      XL:     3   Next: 75%
Magic:  3/3        EV: 11    Int:  9      God:
Gold:   98         SH:  0    Dex: 14 (15) Spells: 2/2 levels left

rFire   . . .        a - +0 shortbow
rCold   . . .        (shield currently unavailable)
rNeg    + . .        c - +0 leather armour
rPois   inf          d - +0 helmet
rElec   +            g - +0 cloak
rCorr   .            (no gloves)
SInv    .            (no boots)
Will    .....        (no amulet)
Stlth   +            (no ring)
HPRegen 0.23/turn    (no ring)
MPRegen 0.08/turn

%: no passive effects
@: weakened
A: sickness immunity, AC +3, negative energy resistance 1, electricity
resistance, torment resistance 1, petrification resistance, deterioration 1,
wild magic 1
a: no special abilities


You were on level 2 of the Dungeon.
You visited 1 branch of the dungeon, and saw 2 of its levels.

You collected 98 gold pieces.


Innate Abilities, Weirdness & Mutations

You are immune to sickness and miasma.
Your stone body is resilient. (AC +3)
You are immune to poison.
You resist negative energy. (rN+)
You are resistant to electric shocks. (rElec)
You are resistant to unholy torment.
You are immune to petrification.
Your body sometimes deteriorates upon taking damage.
Your spells are a little harder to cast, but a little more powerful.


   Skills:
 - Level 3.0 Fighting
 - Level 5.0 Ranged Weapons
 + Level 0.0 Armour
 - Level 1.5 Dodging
 - Level 1.1 Stealth


You had 2 spell levels left.
You didn't know any spells.
Your spell library was empty.

Inventory:

Hand Weapons
 a - a +0 shortbow (weapon)
Armour
 c - a +0 leather armour (worn)
 d - a +0 helmet (worn)
 g - a +0 cloak (worn)
 i - a +0 ring mail
Jewellery
 e - a ring of fire
 f - a ring of protection from fire
Scrolls
 b - 3 scrolls of teleportation
 h - a scroll of identify {unknown}
Potions
 j - a potion of curing {unknown}

Dungeon Overview and Level Annotations

Branches:
Dungeon (2/15)

Altars:


Message History

You shoot an arrow. The arrow hits the adder.
The adder is almost dead.
The adder barely misses you.
You shoot an arrow. The arrow barely misses the adder.
The arrow hits the gnoll!
The gnoll is heavily wounded.
The adder barely misses you.
A hobgoblin comes into view.
The adder bites you but does no damage.
The hobgoblin moves out of view.
You shoot an arrow. The arrow hits the adder.
You kill the adder!
A gnoll comes into view. It is wielding a +0 spear.
You shoot an arrow. The gnoll shouts!
The arrow hits the gnoll.
The gnoll is severely wounded.
The gnoll hits you but does no damage.
The gnoll bouda barks out a call to the hunt!
The gnolls pick up the pace!
You shoot an arrow. The arrow hits the gnoll bouda.
The gnoll bouda is moderately wounded.
You shoot an arrow.
The arrow hits the gnoll bouda but does no damage.
The gnoll bouda is moderately wounded.
The gnoll bouda hits you with a +2 whip of venom!
Your body deteriorates!
You feel clumsy.
You shoot an arrow.
The arrow closely misses the gnoll bouda.
The arrow hits the rat!
You kill the rat!
The gnoll bouda gazes fiercely through you!
You feel your attacks grow feeble.
The gnoll bouda hits you with a +2 whip of venom.
Your Fighting skill increases to level 3!
You shoot an arrow. The arrow hits the gnoll bouda.
The gnoll bouda is moderately wounded.
The gnoll bouda closely misses you.
You shoot an arrow. The arrow hits the gnoll bouda!
The gnoll bouda is severely wounded.
The gnoll bouda hits you with a +2 whip of venom. x2
You die...

....!P~~~P# ........ 7
....g#.##.7 #.#...r..
#.#...g# # #.#....# .#.
#..<..%#
...#####....gg######~~~
............ggg@.....7
#...P.7...##########7
#..P~~~7.## #.7 #.P~~~~~7#
##.# #..~~~.~## ####..#
..7~~~~~..### ##....###
...~~~~~~P..###.%#.##.##
.#.~~~~P~.......#..##..#
#P.~~~~..#....####..#########


You could see a gnoll bouda, 3 gnolls and a hobgoblin.

Vanquished Creatures
  2 adders (D:2)
  A dart slug (D:2)
  2 endoplasms (D:1)
  2 giant cockroaches (D:2)
  4 goblins
  3 hobgoblins (D:1)
  A quokka (D:1)
  4 ball pythons (D:2)
  4 frilled lizards
  2 kobolds
  4 rats
29 creatures vanquished.

Notes
Turn   | Place    | Note
-------+----------+-------------------------------------------
     0 | D:1      | qw the Gargoyle Hunter began the quest for the Orb.
     0 | D:1      | Reached XP level 1. HP: 12/12 MP: 1/1
     0 | D:1      | 0 ||| qw: Version: 0.3-a-132-g3d54051
     0 | D:1      | 0 ||| qw: Game counter: 369
     0 | D:1      | 0 ||| qw: Melee chars always use a shield: true
     0 | D:1      | 0 ||| qw: God list: Okawaru
     0 | D:1      | 0 ||| qw: Allow faded altars: false
     0 | D:1      | 0 ||| qw: Do Orc after clearing Dungeon:15 true
     0 | D:1      | 0 ||| qw: Do second Lair branch before Depths: true
     0 | D:1      | 0 ||| qw: Lair rune preference: random
     0 | D:1      | 0 ||| qw: Goals: Normal
     0 | D:1      | 0 ||| PLANNING D:1-11
   134 | D:1      | 134 ||| READING scroll labelled WAXUWI UNOT.
   135 | D:1      | 135 ||| DROPPING scroll of butterflies.
   186 | D:1      | Reached XP level 2. HP: 17/17 MP: 2/2
   577 | D:1      | 577 ||| UPGRADING to +0 helmet.
   582 | D:1      | 582 ||| UPGRADING to +0 cloak.
   587 | D:1      | 587 ||| READING 2 scrolls labelled CYVUCSO FURUR.
   592 | D:1      | 592 ||| READING scroll labelled EPROPT DYIF.
   593 | D:1      | 593 ||| READING 2 scrolls labelled YNGUOLOUCK.
   594 | D:1      | 594 ||| DRINKING 2 fizzy cyan potions.
   594 | D:1      | Gained mutation: You are frail. (-10% HP) [potion of
                  | mutation]
   594 | D:1      | Gained mutation: You are very frail. (-20% HP) [potion of
                  | mutation]
   595 | D:1      | 595 ||| DRINKING potion of mutation.
   595 | D:1      | Lost mutation: You are very frail. (-20% HP) [potion of
                  | mutation]
   595 | D:1      | Lost mutation: You are frail. (-10% HP) [potion of
                  | mutation]
   595 | D:1      | Gained mutation: Your body sometimes deteriorates upon
                  | taking damage. [potion of mutation]
   595 | D:1      | Gained mutation: Your spells are a little harder to cast,
                  | but a little more powerful. [potion of mutation]
   610 | D:1      | 610 ||| DROPPING scroll of revelation.
   724 | D:2      | Reached skill level 5 in Ranged Weapons
   724 | D:2      | Reached XP level 3. HP: 21/21 MP: 3/3
   884 | D:2      | 884 ||| RETREEEEATING.
   885 | D:2      | 885 ||| RETREEEEATING.
   886 | D:2      | 886 ||| RETREEEEATING.
   889 | D:2      | 889 ||| RETREEEEATING.
   900 | D:2      | Reached skill level 3 in Fighting
   901 | D:2      | HP: 3/23 [gnoll bouda/+2 whip of venom (6)]
   901 | D:2      | Slain by a gnoll bouda

Levels and vault maps discovered:
D:1:      lightli_arrival_statuegarden, layout_basic, minmay_strange_pillars
D:2:      layout_rooms, serial_bayou, serial_bayou_pond_d, serial_bayou_pond_b,
          serial_bayou_pond_b, serial_bayou_ford_a, minmay_misc_feat_plants,
          st_stairs_7

Skill      XL: |  1  2  3 |
---------------+----------+-----
Ranged Weapons | 5 |  5.0
Fighting       | 3 |  3.0
Dodging        | |  1.5
Stealth        | |  1.1

Action                     || total
---------------------------++-------
   Fire: Shortbow          ||    93
    Use: Scroll            ||     4
         Potion            ||     2
 Armour: Leather armour    ||    21
  Dodge: Dodged            ||    17

Table legend:
 A = Non-vault XP
 B = Vault XP
 C = Vault XP percentage of total XP
 D = Non-vault monster count
 E = Vault monster count
 F = Vault count percentage of total count
                 A         B        C        D         E       F
            +---------+---------+-------+---------+---------+-------
      Total |      44 |      26 |  37.1 |      20 |       9 |  31.0
            +---------+---------+-------+---------+---------+-------
        D:1 |      19 |       0 |   0.0 |      11 |       0 |   0.0
        D:2 |      25 |      26 |  51.0 |       9 |       9 |  50.0
            +---------+---------+-------+---------+---------+-------
